 Dungeon Crawl Stone Soup version 0.18.1-51-gd549091e01 (webtiles) character file.

84 magog001 the Skirmisher (level 4, -3/40 HPs)
             Began as a Draconian Fighter on July 11, 2021.
             Killed by divine providence
             ... invoked by an orc priest
              (15 damage)
             ... on level 3 of the Dungeon.
             The game lasted 00:12:41 (3315 turns).

magog001 the Skirmisher (Draconian Fighter)         Turns: 3315, Time: 00:12:42

Health: -3/40      AC: 11    Str: 25    XL:     4   Next: 23%
Magic:  4/4        EV: 10    Int:  8    God:
Gold:   164        SH:  9    Dex: 10    Spells: 0 memorised, 3 levels left

rFire  + . .     SeeInvis .     y - +1 short sword (protect)
rCold  . . .     Gourm    .     (armour unavailable)
rNeg   . . .     Faith    .     b - +0 shield
rPois  .         Spirit   .     (helmet restricted)
rElec  .         Dismiss  .     r - +0 cloak
rCorr  .         Reflect  .     (no gloves)
SustAt .         Harm     .     (no boots)
MR     .....                    (no amulet)
Stlth  +.........               (no ring)
                                i - ring of protection from fire

@: mighty, not resistant to hostile enchantments, very unstealthy
A: unfitting armour, cold-blooded, AC +5
a: no special abilities


You were on level 3 of the Dungeon.
You were hungry.

You visited 1 branch of the dungeon, and saw 3 of its levels.

You collected 164 gold pieces.

Inventory:

Hand Weapons
 a - a +0 war axe
 h - a +1 short sword of speed
 y - a +1 short sword of protection (weapon)
Armour
 b - a +0 shield (worn)
 r - a +0 cloak (worn)
Jewellery
 i - a ring of protection from fire (left hand)
Scrolls
 f - a scroll of remove curse {unknown}
 g - a scroll of random uselessness {unknown}
 j - 2 scrolls of identify
 n - a scroll of immolation {unknown}
 o - a scroll of enchant armour {unknown}
 s - a scroll of teleportation
 v - a scroll of enchant weapon {unknown}
Potions
 e - a potion of curing {unknown}
 l - a potion of degeneration {unknown}
 m - a potion of heal wounds {unknown}
 p - a potion of agility {unknown}
 q - a potion of resistance {unknown}
 u - a potion of berserk rage {unknown}
 z - a potion of lignification {unknown}
Comestibles
 d - 2 bread rations
 k - 3 meat rations
 t - a beef jerky
 w - 2 fruits
 x - 5 chunks of flesh


   Skills:
 * Level 3.9 Fighting
 * Level 1.3 Short Blades
 - Level 2.0 Axes
 * Level 3.4 Dodging
 + Level 0.8 Stealth
 * Level 3.5 Shields


You had 3 spell levels left.
You didn't know any spells.

Dungeon Overview and Level Annotations

Branches:
Dungeon (3/15)

Altars:
Dithmenos
Pakellas


Innate Abilities, Weirdness & Mutations

Your plain brown scales are hard (AC +5).
Your body does not fit into most forms of armour.
You are cold-blooded and may be slowed by cold attacks.


Message History

You closely miss the orc.
The orc is lightly wounded.
The orc hits you but does no damage.
You barely miss the orc.
The orc is lightly wounded.
The orc hits you but does no damage.
You barely miss the orc.
The orc is lightly wounded.
The orc barely misses you.
Your shield prevents you from hitting the orc.
The orc is lightly wounded.
The orc barely misses you.
You puncture the orc!
You kill the orc!
The orc shouts!
You hit the orc priest.
The orc priest is moderately wounded.
The orc priest invokes the aid of Beogh against you.
Beogh smites you!
You die...

..............#
...>..........#
...........#
...........#
...........#
..........##
#..........####
#.......o.....#
#..........##@#
...........##o#
##.........##.#
##.......###.##
##......# #.o##
#.####.#
##..#########
#. #o#
#..........#
#..........#
#..........#


You could see an orc priest, an orc wizard and an orc.

Vanquished Creatures
  2 adders (D:2)
  2 worms (D:2)
  2 dart slugs (D:1)
  2 giant geckos
  3 orcs (D:3)
  7 bats
  4 giant cockroaches
  4 hobgoblins
  5 jackals
  5 kobolds
  3 giant newts
  5 goblins
  7 rats
51 creatures vanquished.

Notes
Turn   | Place    | Note
--------------------------------------------------------------
     0 | D:1      | magog001 the Draconian Fighter began the quest for the Orb.
     0 | D:1      | Reached XP level 1. HP: 19/19 MP: 1/1
   365 | D:1      | Reached XP level 2. HP: 25/26 MP: 2/2
  1721 | D:2      | Found a shadowy altar of Dithmenos.
  1765 | D:2      | Reached XP level 3. HP: 30/33 MP: 3/3
  1832 | D:2      | Reached skill level 1 in Short Blades
  2858 | D:2      | Reached XP level 4. HP: 39/40 MP: 4/4
  3155 | D:3      | Found an oddly glowing altar of Pakellas.
  3315 | D:3      | Killed from afar by an orc priest

Skill      XL: |  1  2  3 |
---------------+----------+-----
Dodging        | 3 |  3.4
Short Blades   | 1 |  1.3
Fighting       | |  3.9
Axes           | |  2.0
Stealth        | |  0.8
Shields        | |  3.5

Action                   |  1- 3 |  4- 6 || total
-------------------------+-------+-------++-------
Melee: War axe           |   140 |    23 ||   163
       Tailslap          |     9 |     2 ||    11
       Short sword       |       |    17 ||    17
  Use: Scroll            |     1 |       ||     1
       Potion            |       |     1 ||     1
 Stab: Sleeping          |     1 |       ||     1
  Eat: Chunk             |     2 |       ||     2
       Meat ration       |     1 |       ||     1
Armor: Skin              |    42 |    24 ||    66
Dodge: Dodged            |    65 |    27 ||    92
Block: Shield            |    57 |    35 ||    92
